 Dungeon Crawl Stone Soup version 0.31-a0-232-gb1c03b2570 (webtiles) character file.

Game seed: 17323532738332201324

79 qw the Shooter (level 4, -3/26 HPs)
             Began as a Gargoyle Hexslinger on July 7, 2023.
             Slain by an orc
             ... wielding a +0 mace
              (5 damage)
             ... on level 3 of the Dungeon.
             The game lasted 00:00:45 (1875 turns).

qw the Shooter (Gargoyle Hexslinger)                Turns: 1875, Time: 00:00:46

Health: -3/26      AC:  8    Str: 12    XL:     4   Next: 38%
Magic:  5/5        EV: 10    Int: 13    God:
Gold:   164        SH:  0    Dex: 14    Spells: 4/5 levels left

rFire   . . .        Y - +1 sling
rCold   . . .        (no shield)
rNeg    + . .        j - +0 ring mail
rPois   inf          (no helmet)
rElec   +            (no cloak)
rCorr   .            (no gloves)
SInv    .            (no boots)
Will    .....        (no amulet)
Stlth   +            (no ring)
HPRegen 0.24/turn    (no ring)
MPRegen 0.09/turn

%: no passive effects
@: no status effects
A: sickness immunity, AC +3, negative energy resistance 1, electricity
resistance, torment resistance 1, petrification resistance
a: no special abilities


You were on level 3 of the Dungeon.
You visited 1 branch of the dungeon, and saw 3 of its levels.

You collected 164 gold pieces.


Innate Abilities, Weirdness & Mutations

You are immune to sickness and miasma.
Your stone body is resilient. (AC +3)
You are immune to poison.
You resist negative energy. (rN+)
You are resistant to electric shocks. (rElec)
You are resistant to unholy torment.
You are immune to petrification.


   Skills:
 - Level 2.0 Fighting
 + Level 4.0 Ranged Weapons
 - Level 1.0 Armour
 - Level 1.5 Dodging
 - Level 1.0 Spellcasting
 - Level 2.6 Hexes


You had 4 spell levels left.
You knew the following spells:

 Your Spells              Type           Power      Damage    Failure   Level
a - Slow                  Hex            28%        N/A       22%         1

Your spell library contained the following spells:

 Spells                   Type           Power      Damage    Failure   Level
 Inner Flame              Hex/Fire       4%         N/A       73%         3
 Portal Projectile        Hex/Tloc       8%         N/A       73%         3
 Cause Fear               Hex            3%         N/A       91%         4

Inventory:

Hand Weapons
 Y - a +1 sling (weapon)
Armour
 j - a +0 ring mail (worn)
Scrolls
 a - a scroll of summoning {unknown}
Potions
 b - a potion of resistance {unknown}
 f - 2 potions of curing {unknown}
 g - a potion of attraction {unknown}
 h - 2 potions of mutation {unknown}
 k - 2 potions of heal wounds {unknown}

Dungeon Overview and Level Annotations

Branches:
Dungeon (3/15)

Altars:
Wu Jian
Zin


Message History

The sling bullet hits the orc.
You kill the orc!
You shoot a sling bullet. The sling bullet hits the orc.
The orc is heavily wounded.
The orc priest mumbles some strange prayers to Beogh against you.
Beogh smites you!
You shoot a sling bullet.
The sling bullet closely misses the orc.
The sling bullet hits the orc priest but does no damage.
You shoot a sling bullet. The sling bullet barely misses the orc.
The sling bullet hits the orc priest!
The orc priest is heavily wounded.
The orc priest calls upon Beogh to heal the orc.
The orc's wounds heal themselves!
The orc hits you with a +0 dagger.
You shoot a sling bullet. The sling bullet hits the orc.
The orc is heavily wounded.
The orc barely misses you.
You shoot a sling bullet. The sling bullet hits the orc.
The orc is heavily wounded.
The orc hits you with a +0 mace. The orc hits you but does no damage.
The orc hits you with a +0 mace.
You shoot a sling bullet.
The sling bullet closely misses the orc priest.
The orc priest hits you but does no damage.
The orc hits you with a +0 mace. The orc barely misses you.
You shoot a sling bullet. The sling bullet hits the orc priest.
The orc priest is severely wounded.
The orc priest hits you but does no damage.
The orc barely misses you. x2
You shoot a sling bullet.
The sling bullet hits the orc priest but does no damage.
The orc priest is severely wounded.
The orc priest closely misses you. The orc hits you with a +0 mace.
The orc closely misses you. The orc hits you with a +0 mace.
The orc completely misses you. The orc priest barely misses you.
You shoot a sling bullet. The sling bullet hits the orc priest.
The orc priest is severely wounded.
The orc priest hits you but does no damage.
The orc hits you with a +0 mace.
You die...

.... ....# .. ####
...# .. ...##.
..... ###
##...############..
#.)...............#
#oo##.########..###
#.@o............##.
#..##.#######.####.
#..................
##.##...###...#####
#.##.#............
#.##.#..#.#.......
#.##..............
#.#####...#.####..
#.#....>.##.##....


You could see an orc priest and 2 orcs.

Vanquished Creatures
  3 adders (D:2)
  3 dart slugs
  3 orcs (D:3)
  A ball python (D:2)
  An endoplasm (D:1)
  4 giant cockroaches
  4 goblins
  4 hobgoblins
  4 quokkas
  7 bats
  A frilled lizard (D:2)
  2 kobolds (D:2)
  4 rats (D:1)
41 creatures vanquished.

Notes
Turn   | Place    | Note
-------+----------+-------------------------------------------
     0 | D:1      | qw the Gargoyle Hexslinger began the quest for the Orb.
     0 | D:1      | Reached XP level 1. HP: 12/12 MP: 2/2
     0 | D:1      | 0 ||| qw: Version: 0.3-a-46-gb1f654a
     0 | D:1      | 0 ||| qw: Game counter: 2184
     0 | D:1      | 0 ||| qw: Melee chars always use a shield: true
     0 | D:1      | 0 ||| qw: God list: Okawaru
     0 | D:1      | 0 ||| qw: Allow faded altars: false
     0 | D:1      | 0 ||| qw: Do Orc after clearing Dungeon:15 true
     0 | D:1      | 0 ||| qw: Do second Lair branch before Depths: true
     0 | D:1      | 0 ||| qw: Lair rune preference: random
     0 | D:1      | 0 ||| qw: Goals: Normal
     0 | D:1      | 0 ||| PLANNING D:1-11
   145 | D:1      | Reached XP level 2. HP: 16/16 MP: 3/3
   203 | D:1      | Reached skill level 3 in Ranged Weapons
   522 | D:1      | 522 ||| UPGRADING to +0 leather armour.
   532 | D:1      | 532 ||| DROPPING +0 robe.
   533 | D:1      | 533 ||| UPGRADING to +0 ring mail.
   543 | D:1      | 543 ||| DROPPING +0 leather armour.
   544 | D:1      | 544 ||| READING 2 scrolls labelled CIATHEMEA.
   548 | D:1      | 548 ||| READING 2 scrolls labelled USIKHL GOHAGA.
   549 | D:1      | 549 ||| DROPPING scroll of poison.
   550 | D:1      | 550 ||| DROPPING scroll of amnesia.
   570 | D:2      | 570 ||| STAIRDANCE
   578 | D:1      | HP: 3/17 [quokka (4)]
   579 | D:1      | 579 ||| READING scroll of teleportation.
   698 | D:2      | Reached XP level 3. HP: 21/21 MP: 4/4
   998 | D:2      | Found a glowing silver altar of Zin.
  1161 | D:2      | Reached XP level 4. HP: 20/26 MP: 5/5
  1350 | D:2      | Reached skill level 4 in Ranged Weapons
  1463 | D:2      | 1463 ||| DRINKING 2 fuming clear potions.
  1464 | D:2      | 1464 ||| DROPPING potion of magic.
  1548 | D:3      | Found an ornate altar of the Wu Jian Council.
  1730 | D:3      | Reached skill level 1 in Armour
  1874 | D:3      | HP: 3/26 [orc/+0 mace (5)]
  1874 | D:3      | HP: 1/26 [orc/+0 mace (2)]
  1875 | D:3      | Slain by an orc

Levels and vault maps discovered:
D:1:      dpeg_arrival_rhombus, layout_basic, corexii_hall_statues_i
D:2:      layout_basic, basic_altar, hangedman_decor_push
D:3:      layout_basic, mainiacjoe_overflow_chevrons, serial_shops,
          nicolae_shop_rolled_up, serial_glass, glass_columns_b,
          glass_columns_a, due_unseen_surprise, item_on_display_a,
          feat_on_display, item_on_display_b, chequers_avenue,
          minmay_misc_feat_rows

Skill      XL: |  1  2  3  4 |
---------------+-------------+-----
Ranged Weapons | 3 4 |  4.0
Fighting       | 2 |  2.0
Armour         | 1 |  1.0
Dodging        | |  1.5
Spellcasting   | |  1.0
Hexes          | |  2.6

Action                     |  1- 3 |  4- 6 || total
---------------------------+-------+-------++-------
   Fire: Sling             |   144 |    49 ||   193
    Use: Scroll            |     3 |       ||     3
         Potion            |       |     1 ||     1
 Armour: Ring mail         |    62 |     9 ||    71
         Robe              |     8 |       ||     8
  Dodge: Dodged            |    85 |    16 ||   101

Table legend:
 A = Non-vault XP
 B = Vault XP
 C = Vault XP percentage of total XP
 D = Non-vault monster count
 E = Vault monster count
 F = Vault count percentage of total count
                 A         B        C        D         E       F
            +---------+---------+-------+---------+---------+-------
      Total |     114 |       0 |   0.0 |      41 |       0 |   0.0
            +---------+---------+-------+---------+---------+-------
        D:1 |      30 |       0 |   0.0 |      17 |       0 |   0.0
        D:2 |      63 |       0 |   0.0 |      15 |       0 |   0.0
        D:3 |      21 |       0 |   0.0 |       9 |       0 |   0.0
            +---------+---------+-------+---------+---------+-------
